NWL (28 & UNDER)
MENLO MANIACS @ RED DEER WRANGLERS
08/11/2024
 
TOP OF THE 1ST
Menlo Maniacs batting - Pitching for Red Deer Wranglers : RHP Luis Trujillo
Pitching: RHP Luis Trujillo
Batting: RHB Tom Meyer 0-0: Ground out 4-3 (Groundball, 4)
Batting: RHB Steve Sampson 0-0: Foul Ball, location: 2F
0-1: Ball
1-1: Swinging Strike
1-2: Strikes out swinging
Batting: LHB Roger Moore 0-0: Ball
1-0: Foul Ball, location: 2F
1-1: Swinging Strike
1-2: Ball
2-2: Ball
3-2: Base on Balls
Batting: LHB Marcos Pérez 0-0: Ball
Roger Moore steals 2nd base
1-0: Ground out 1-3 (Groundball, 15S)
Top of the 1st over - 0 run(s), 0 hit(s), 0 error(s), 1 left on base; Menlo 0 - Red Deer 0
BOTTOM OF THE 1ST
Red Deer Wranglers batting - Pitching for Menlo Maniacs : RHP José Ramírez
Pitching: RHP José Ramírez
Batting: LHB Enrico Vargas 0-0: Ground out 4-3 (Groundball, 4M)
Batting: RHB Paul Swift 0-0: Called Strike
0-1: Ball
1-1: Called Strike
1-2: Foul Ball, location: 2F
1-2: Foul Ball, location: 2F
1-2: Strikes out swinging
Batting: LHB Del Kennedy 0-0: Called Strike
0-1: Ball
1-1: Swinging Strike
1-2: Strikes out swinging
Bottom of the 1st over - 0 run(s), 0 hit(s), 0 error(s), 0 left on base; Menlo 0 - Red Deer 0
TOP OF THE 2ND
Menlo Maniacs batting - Pitching for Red Deer Wranglers : RHP Luis Trujillo
Batting: RHB Dani Torres 0-0: Ball
1-0: Ball
2-0: Reached on error, E6 (Groundball, 6)
Batting: LHB Marcos Vázquez 0-0: Ball
1-0: Swinging Strike
1-1: Foul Ball, location: 2F
1-2: Foul Ball, location: 2F
1-2: DOUBLE (Groundball, 5L)
Dani Torres to third
Batting: LHB Adam Lowe 0-0: Swinging Strike
0-1: Swinging Strike
0-2: Strikes out swinging
Batting: LHB Ron McCoy 0-0: Ball
1-0: Ball
2-0: Foul Ball, location: 2F
2-1: Ball
3-1: SINGLE (Groundball, 34D)
Dani Torres scores
Marcos Vázquez to third
Batting: SHB António Trinidad 0-0: Ball
1-0: Called Strike
1-1: Ball
2-1: SINGLE (Line Drive, 4MD)
Marcos Vázquez scores
Ron McCoy to second
Batting: RHB Tom Meyer 0-0: Ball
1-0: Foul Ball, location: 2F
1-1: Grounds into double play, 6-4-3 (Groundball, 6M)
Top of the 2nd over - 2 run(s), 3 hit(s), 1 error(s), 1 left on base; Menlo 2 - Red Deer 0
BOTTOM OF THE 2ND
Red Deer Wranglers batting - Pitching for Menlo Maniacs : RHP José Ramírez
Batting: RHB Orlando Núñes 0-0: Ball
1-0: Foul Ball, location: 2F
1-1: Swinging Strike
1-2: Foul Ball, location: 2F
1-2: SINGLE (Groundball, 56)
Batting: RHB Carlos Peña 0-0: Called Strike
0-1: Ball
1-1: Ball
2-1: Swinging Strike
2-2: Foul Ball, location: 2F
2-2: Ball
3-2: Base on Balls
Orlando Núñes to second
Batting: LHB Jorge Olvera 0-0: Ball
1-0: Ball
2-0: Called Strike
2-1: Swinging Strike
2-2: Foul Ball, location: 2F
2-2: Ball
3-2: Strikes out swinging
Batting: LHB Greg Nelson 0-0: Ball
1-0: Fielders Choice at 2nd, 1-4 (Groundball, 13S)
Orlando Núñes to third
Batting: RHB John McDonald 0-0: Foul Ball, location: 2F
0-1: Ball
1-1: Foul Ball, location: 2F
1-2: Foul Ball, location: 2F
1-2: Ball
2-2: Ball
3-2: Strikes out swinging
Bottom of the 2nd over - 0 run(s), 1 hit(s), 0 error(s), 2 left on base; Menlo 2 - Red Deer 0
TOP OF THE 3RD
Menlo Maniacs batting - Pitching for Red Deer Wranglers : RHP Luis Trujillo
Batting: RHB Steve Sampson 0-0: Foul Ball, location: 2F
0-1: Reached on Error, E3 (Popup, 34)
Batting: LHB Roger Moore 0-0: Ball
1-0: Called Strike
1-1: Ball
2-1: Foul Ball, location: 2F
2-2: Foul Ball, location: 2F
2-2: Fly out, F3 (Line Drive, 34S)
Batting: LHB Marcos Pérez 0-0: Ball
1-0: Foul Ball, location: 2F
1-1: Swinging Strike
1-2: Strikes out swinging
Batting: RHB Dani Torres 0-0: Ball
1-0: Foul Ball, location: 2F
1-1: Ball
2-1: Fly out, F7 (Flyball, 78S)
Top of the 3rd over - 0 run(s), 0 hit(s), 1 error(s), 1 left on base; Menlo 2 - Red Deer 0
BOTTOM OF THE 3RD
Red Deer Wranglers batting - Pitching for Menlo Maniacs : RHP José Ramírez
Batting: RHB Oliver Harris 0-0: Foul Ball, location: 2F
0-1: Ball
1-1: SINGLE (Groundball, 56)
Batting: LHB Enrico Vargas 0-0: Foul Ball, location: 2F
0-1: DOUBLE (Line Drive, 7LM)
Oliver Harris to third
Batting: RHB Paul Swift 0-0: Swinging Strike
0-1: Swinging Strike
0-2: Strikes out looking
Batting: LHB Del Kennedy 0-0: SINGLE (Groundball, 56D)
Oliver Harris scores
Enrico Vargas to third
Runner from 3rd tries for Home, SAFE, no throw or cutoff
Batting: RHB Orlando Núñes 0-0: Ball
1-0: Called Strike
1-1: Swinging Strike
1-2: Foul Ball, location: 2F
1-2: Ball
2-2: Ball
3-2: Ground out 4-3 (Groundball, 13)
Del Kennedy to second
Batting: RHB Carlos Peña 0-0: Foul Ball, location: 2F
0-1: Fly out, F9 (Flyball, 89M)
Bottom of the 3rd over - 2 run(s), 3 hit(s), 0 error(s), 1 left on base; Menlo 2 - Red Deer 2
TOP OF THE 4TH
Menlo Maniacs batting - Pitching for Red Deer Wranglers : RHP Luis Trujillo
Batting: LHB Marcos Vázquez 0-0: Ball
1-0: Ground out 4-3 (Groundball, 4M)
Batting: LHB Adam Lowe 0-0: Ball
1-0: Swinging Strike
1-1: Swinging Strike
1-2: Foul Ball, location: 2F
1-2: Strikes out looking
Batting: LHB Ron McCoy 0-0: Called Strike
0-1: Called Strike
0-2: Fly out, F8 (Flyball, 8LS)
Top of the 4th over - 0 run(s), 0 hit(s), 0 error(s), 0 left on base; Menlo 2 - Red Deer 2
BOTTOM OF THE 4TH
Red Deer Wranglers batting - Pitching for Menlo Maniacs : RHP José Ramírez
Batting: LHB Jorge Olvera 0-0: Called Strike
0-1: Foul Ball, location: 2F
0-2: Ball
1-2: Foul Ball, location: 2F
1-2: Ball
2-2: Ball
3-2: Foul Ball, location: 2F
3-2: Foul Ball, location: 2F
3-2: Foul Ball, location: 2F
3-2: Foul Ball, location: 2F
3-2: Foul Ball, location: 2F
3-2: Strikes out swinging
Batting: LHB Greg Nelson 0-0: Called Strike
0-1: Called Strike
0-2: Ball
1-2: Ball
2-2: Foul Ball, location: 2F
2-2: Ball
3-2: Foul Ball, location: 2F
3-2: Base on Balls
Batting: RHB John McDonald 0-0: Called Strike
0-1: Called Strike
0-2: Foul Ball, location: 2F
0-2: Ball
1-2: Foul Ball, location: 2F
1-2: Strikes out looking
Batting: RHB Oliver Harris 0-0: Ball
1-0: Called Strike
1-1: Ball
2-1: Ball
3-1: Base on Balls
Greg Nelson to second
Batting: LHB Enrico Vargas 0-0: Foul Ball, location: 2F
0-1: Ball
1-1: Ball
2-1: Foul Ball, location: 2F
2-2: Strikes out swinging
Bottom of the 4th over - 0 run(s), 0 hit(s), 0 error(s), 2 left on base; Menlo 2 - Red Deer 2
TOP OF THE 5TH
Menlo Maniacs batting - Pitching for Red Deer Wranglers : RHP Luis Trujillo
Batting: SHB António Trinidad 0-0: Ground out 4-3 (Groundball, 34)
Batting: RHB Tom Meyer 0-0: Foul Ball, location: 2F
0-1: Ball
1-1: Swinging Strike
1-2: Ball
2-2: Ball
3-2: Reached on error, E6 (Groundball, 6)
Batting: RHB Steve Sampson 0-0: Fly out, F7 (Flyball, 78S)
Batting: LHB Roger Moore 0-0: Hit by Pitch
Tom Meyer to second
Batting: LHB Marcos Pérez 0-0: 3-RUN HOME RUN (Flyball, 8RXD), Distance : 419 ft
Batting: RHB Dani Torres 0-0: Called Strike
0-1: Foul Ball, location: 2F
0-2: Ground out 6-3 (Groundball, 6)
Top of the 5th over - 3 run(s), 1 hit(s), 1 error(s), 0 left on base; Menlo 5 - Red Deer 2
BOTTOM OF THE 5TH
Red Deer Wranglers batting - Pitching for Menlo Maniacs : RHP José Ramírez
Batting: RHB Paul Swift 0-0: Called Strike
0-1: Ball
1-1: Called Strike
1-2: Strikes out looking
Pitching: RHP Steve Poe
Batting: LHB Del Kennedy 0-0: Foul Ball, location: 2F
0-1: Foul Ball, location: 2F
0-2: Strikes out swinging
Batting: RHB Orlando Núñes 0-0: Swinging Strike
0-1: Ball
1-1: Foul Ball, location: 2F
1-2: Ball
2-2: Foul Ball, location: 2F
2-2: Foul Ball, location: 2F
2-2: SINGLE (Line Drive, 8LS)
Batting: RHB Carlos Peña 0-0: Ball
1-0: Ball
2-0: Ball
3-0: Called Strike
3-1: Swinging Strike
3-2: SINGLE (Line Drive, 89M)
Orlando Núñes to second
Orlando Núñes to third
Batting: LHB Jorge Olvera 0-0: Ball
1-0: Ball
2-0: Ball
3-0: Base on Balls
Carlos Peña to second
Batting: LHB Greg Nelson 0-0: Ball
1-0: Swinging Strike
1-1: Ball
2-1: Foul Ball, location: 2F
2-2: Strikes out swinging
Bottom of the 5th over - 0 run(s), 2 hit(s), 0 error(s), 3 left on base; Menlo 5 - Red Deer 2
TOP OF THE 6TH
Menlo Maniacs batting - Pitching for Red Deer Wranglers : RHP Luis Trujillo
Batting: LHB Marcos Vázquez 0-0: Foul Ball, location: 2F
0-1: Swinging Strike
0-2: Reached on error, E6 (Groundball, 6M)
Batting: LHB Adam Lowe 0-0: Foul Ball, location: 2F
0-1: DOUBLE (Groundball, 5L)
Marcos Vázquez to third
Batting: LHB Ron McCoy 0-0: Intentional Walk
Batting: SHB António Trinidad 0-0: Ball
1-0: Fly out, F6 (Popup, 56D)
Batting: RHB Tom Meyer 0-0: Fly out, F7 (Flyball, 7LS)
Batting: RHB Steve Sampson 0-0: Ground out 4-3 (Groundball, 4)
Top of the 6th over - 0 run(s), 1 hit(s), 1 error(s), 3 left on base; Menlo 5 - Red Deer 2
BOTTOM OF THE 6TH
Red Deer Wranglers batting - Pitching for Menlo Maniacs : RHP Steve Poe
Batting: RHB John McDonald 0-0: Ball
1-0: Swinging Strike
1-1: Called Strike
1-2: DOUBLE (Line Drive, 89M)
Batting: RHB Oliver Harris 0-0: Ball
1-0: Swinging Strike
1-1: Ball
2-1: Ball
3-1: Called Strike
3-2: Foul Ball, location: 2F
3-2: Ground out 6-3 (Groundball, 6)
John McDonald to third
Batting: LHB Enrico Vargas 0-0: Ball
1-0: Swinging Strike
1-1: Swinging Strike
1-2: Foul Ball, location: 2F
1-2: Foul Ball, location: 2F
1-2: Foul Ball, location: 2F
1-2: Ball
2-2: Foul Ball, location: 2F
2-2: Strikes out swinging
Pitching: RHP Manny Márquez
Batting: RHB Paul Swift 0-0: Called Strike
0-1: Ball
1-1: Ball
2-1: 2-RUN HOME RUN (Flyball, 78XD), Distance : 408 ft
Batting: LHB Del Kennedy 0-0: Called Strike
0-1: Swinging Strike
0-2: Strikes out swinging
Bottom of the 6th over - 2 run(s), 2 hit(s), 0 error(s), 0 left on base; Menlo 5 - Red Deer 4
TOP OF THE 7TH
Menlo Maniacs batting - Pitching for Red Deer Wranglers : RHP Luis Trujillo
Batting: LHB Roger Moore 0-0: Ball
1-0: Called Strike
1-1: Called Strike
1-2: Foul Ball, location: 2F
1-2: Ball
2-2: Foul Ball, location: 2F
2-2: Ball
3-2: Base on Balls
Pitching: LHP Manuel Gil
Batting: LHB Marcos Pérez 0-0: Ball
1-0: Foul Ball, location: 2F
1-1: Ball
2-1: Foul Ball, location: 2F
2-2: Foul Ball, location: 2F
2-2: Strikes out swinging
Batting: RHB Dani Torres 0-0: Ball
1-0: Ball
2-0: Ball
3-0: Base on Balls
Roger Moore to second
Pinch Hitting: RHB Bob Campbell 0-0: Foul Ball, location: 2F
0-1: Called Strike
0-2: Ball
1-2: Strikes out swinging
Batting: LHB Adam Lowe 0-0: Ball
1-0: Ball
2-0: Ball
3-0: Base on Balls
Roger Moore to third
Dani Torres to second
Pinch Hitting: RHB Chan-u O 0-0: SINGLE (Flyball, 7LS)
Roger Moore scores
Dani Torres to third
Adam Lowe to second
Runner from 3rd tries for Home, SAFE, no throw or cutoff
Batting: SHB António Trinidad 0-0: Ball
1-0: Called Strike
1-1: Foul Ball, location: 2F
1-2: Foul Ball, location: 2F
1-2: Fielders Choice at 2nd, U6 (Groundball, 6M)
Top of the 7th over - 2 run(s), 1 hit(s), 0 error(s), 2 left on base; Menlo 7 - Red Deer 4
BOTTOM OF THE 7TH
Red Deer Wranglers batting - Pitching for Menlo Maniacs : RHP Manny Márquez
Now at 3B: Jesús Cuevas
Now in CF: Chan-u O
Batting: RHB Orlando Núñes 0-0: Ball
1-0: Ball
2-0: Fly out, F8 (Flyball, 8RXD)
Batting: RHB Carlos Peña 0-0: Ball
1-0: Foul Ball, location: 2F
1-1: Ball
2-1: Foul Ball, location: 2F
2-2: SINGLE (Line Drive, 6MD)
Batting: LHB Jorge Olvera 0-0: Ball
1-0: Called Strike
1-1: Ball
2-1: Ball
3-1: Swinging Strike
3-2: SINGLE (Groundball, 34D)
Carlos Peña to second
Runner from 2nd tries for 3rd, SAFE, no throw or cutoff
Pitching: LHP José Acosta
Batting: LHB Greg Nelson 0-0: Ball
Jorge Olvera is caught stealing 2nd base
1-0: Ball
2-0: Ball
3-0: Called Strike
3-1: Base on Balls
Pitching: RHP Jorge Luna
Batting: RHB John McDonald 0-0: Ball
1-0: Fly out, F9 (Line Drive, 9M)
Bottom of the 7th over - 0 run(s), 2 hit(s), 0 error(s), 2 left on base; Menlo 7 - Red Deer 4
TOP OF THE 8TH
Menlo Maniacs batting - Pitching for Red Deer Wranglers : LHP Manuel Gil
Batting: RHB Tom Meyer 0-0: Ball
1-0: Ball
2-0: Reached on error, E5 (Groundball, 5L)
Batting: RHB Steve Sampson 0-0: Bunt missed!
0-1: Sac Bunt - play at first, batter OUT! 5-4
Tom Meyer to second
Batting: LHB Roger Moore 0-0: Called Strike
0-1: Ground out 4-3 (Groundball, 4)
Tom Meyer to third
Batting: LHB Marcos Pérez 0-0: Called Strike
0-1: Ball
1-1: Foul Ball, location: 2F
1-2: Foul Ball, location: 2F
1-2: Ball
2-2: Ground out 6-3 (Groundball, 6)
Top of the 8th over - 0 run(s), 0 hit(s), 1 error(s), 1 left on base; Menlo 7 - Red Deer 4
BOTTOM OF THE 8TH
Red Deer Wranglers batting - Pitching for Menlo Maniacs : RHP Jorge Luna
Batting: RHB Oliver Harris 0-0: Called Strike
0-1: Called Strike
0-2: Ground out 5-3 (Groundball, 56)
Batting: LHB Enrico Vargas 0-0: Foul Ball, location: 2F
0-1: SOLO HOME RUN (Flyball, 8RXD), Distance : 406 ft
Batting: RHB Paul Swift 0-0: Called Strike
0-1: Ball
1-1: Ball
2-1: Swinging Strike
2-2: Ball
3-2: Base on Balls
Pitching: RHP Steve Standard
Batting: LHB Del Kennedy 0-0: Swinging Strike
0-1: Ball
1-1: SINGLE (Line Drive, 9S)
Paul Swift to second
Batting: RHB Orlando Núñes 0-0: Swinging Strike
0-1: Swinging Strike
0-2: Ball
1-2: Fly out, F9 (Line Drive, 9LM)
Batting: RHB Carlos Peña 0-0: Ball
1-0: Ball
2-0: Swinging Strike
2-1: Ball
3-1: Foul Ball, location: 2F
3-2: Strikes out swinging
Bottom of the 8th over - 1 run(s), 2 hit(s), 0 error(s), 2 left on base; Menlo 7 - Red Deer 5
TOP OF THE 9TH
Menlo Maniacs batting - Pitching for Red Deer Wranglers : LHP Manuel Gil
Batting: RHB Dani Torres 0-0: Ball
1-0: Ball
2-0: Foul Ball, location: 2F
2-1: Ball
3-1: Called Strike
3-2: Base on Balls
Batting: RHB Jesús Cuevas 0-0: Sac Bunt - play at first, batter OUT! U3
Dani Torres to second
Batting: LHB Adam Lowe 0-0: Called Strike
0-1: Ball
1-1: Ground out 6-3 (Groundball, 6M)
Dani Torres to third
Batting: RHB Chan-u O 0-0: Ball
1-0: Called Strike
1-1: Ball
2-1: DOUBLE (Line Drive, 78S)
Dani Torres scores
Pitching: RHP Russell Cooper
Batting: SHB António Trinidad 0-0: Ball
1-0: Swinging Strike
1-1: Foul Ball, location: 2F
1-2: Foul Ball, location: 2F
1-2: Ball
2-2: Strikes out looking
Top of the 9th over - 1 run(s), 1 hit(s), 0 error(s), 1 left on base; Menlo 8 - Red Deer 5
BOTTOM OF THE 9TH
Red Deer Wranglers batting - Pitching for Menlo Maniacs : RHP Steve Standard
Pitching: LHP Leo Huggins
Now in CF: Jim Weaver
Batting: LHB Jorge Olvera 0-0: Ball
1-0: Called Strike
1-1: Ball
2-1: Ball
3-1: Foul Ball, location: 2F
3-2: Base on Balls
Batting: LHB Greg Nelson 0-0: Called Strike
0-1: Foul Ball, location: 2F
0-2: Strikes out looking
Batting: RHB John McDonald 0-0: Foul Ball, location: 2F
0-1: Ball
1-1: Swinging Strike
1-2: Foul Ball, location: 2F
1-2: Ball
2-2: Ground out 1-3 (Groundball, 2R)
Jorge Olvera to second
Batting: RHB Oliver Harris 0-0: Ball
1-0: Called Strike
1-1: Swinging Strike
1-2: Foul Ball, location: 2F
1-2: Fly out, F7 (Line Drive, 78D)
Bottom of the 9th over - 0 run(s), 0 hit(s), 0 error(s), 1 left on base; Menlo 8 - Red Deer 5
This league is powered by Out of the Park Baseball, the baseball management simulation game for PC, Mac and Linux
Saturday, April 9th, 2016 - OOTP Baseball 16.8 Build 38